Map: Blueshift LE

Players

Cliggity

  • Race: Protoss Protoss
  • League: Platinum
  • Spawn Location: 1:00

Fas - Winner!

  • Race: Zerg Zerg
  • League: Platinum
  • Spawn Location: 7:00

VOD

Have the link to the VOD?

Description

Bane bust

Time

  • Played on: Oct. 30, 2018, 9:33 p.m.
  • Length: 5:58
Show
View Real Time Build Order
Export as new Build Order

Cliggity Protoss 

Build Orders: 1 Gate Expand 

Get SALT Encoding   

  12  0:01  Probe  
  13  0:13  Probe  
  14  0:22  Pylon  
  14  0:25  Probe  
  15  0:37  Probe  
  16  0:45  Probe  
  16  0:48  Gateway  
  17  0:54  Assimilator  
  17  0:55  Probe  
  18  1:07  Probe  
  19  1:19  Probe  
  20  1:28  Nexus  
  20  1:40  Cybernetics Core  
  20  1:41  Probe  
  21  1:50  Probe  
  21  1:53  Pylon  
  22  1:58  Probe  
  22  2:01  Assimilator  
  22  2:08  Warp Gate  
  23  2:09  Probe  
  24  2:21  Gateway, Probe  
  25  2:33  Probe  
  25  2:34  Robotics Facility  
  25  2:36  Probe  
  27  2:45  Probe x2  
  29  2:53  Adept  
  29  2:54  Probe  
  29  2:57  Probe  
  33  3:04  Probe  
  33  3:09  Probe  
  33  3:12  Probe  
  35  3:17  Twilight Council, Pylon  
  36  3:31  Pylon  
  36  3:33  Adept, Stalker  
  40  3:36  Probe x2  
  42  3:42  Observer  
  42  3:48  Probe x2  
  44  3:51  Shield Battery  
  45  3:58  Charge  
  45  4:00  Probe x2  
  47  4:03  Gateway, Observer  
  47  4:07  Forge  
  47  4:09  Pylon  
  48  4:12  Probe x2  
  48  4:14  Assimilator  
  50  4:18  Assimilator  
  50  4:35  Probe x2  
  50  4:47  Warp Prism, Probe  
  53  4:56  Zealot x2  
  57  5:01  Gateway  
  57  5:02  Gateway  
  57  5:04  Pylon  
  57  5:05  Pylon  
  53  5:13  Sentry  
  55  5:19  Zealot x2  
  59  5:36  Sentry  
  55  5:43  Sentry x2  
  55  5:44  Probe x2  
  59  5:54  Gateway  
Show
View Real Time Build Order
Export as new Build Order

Fas Zerg - Winner!

Build Orders: Hatch First, Zergling Baneling 

Get SALT Encoding   

  12  0:01  Drone  
  13  0:12  Overlord  
  13  0:21  Drone  
  14  0:32  Drone x2  
  16  0:49  Hatchery  
  15  0:53  Drone  
  15  0:55  Drone  
  17  1:07  Extractor, Drone  
  17  1:15  Spawning Pool  
  16  1:18  Drone  
  17  1:28  Drone x2  
  19  1:48  Overlord  
  19  2:02  Zergling x6  
  19  2:04  Queen  
  19  2:07  Queen  
  26  2:19  Drone  
  26  2:20  Drone  
  28  2:29  Drone x2  
  30  2:30  Metabolic Boost  
  30  2:48  Drone x3  
  30  2:49  Extractor, Drone  
  33  3:07  Drone x2  
  33  3:08  Zergling x2  
  36  3:20  Overlord  
  36  3:21  Overlord  
  35  3:36  Baneling Nest  
  35  3:37  Zergling x4  
  35  3:39  Overlord  
  36  3:42  Queen  
  38  3:49  Zergling x12  
  38  3:50  Zergling x2  
  38  3:51  Zergling x2  
  46  4:04  Drone x2  
  46  4:05  Zergling x2, Drone  
  50  4:23  Zergling x2  
  50  4:24  Zergling x12  
  57  4:32  Zergling x4  
  57  4:35  Baneling x5  
  57  4:36  Baneling x4  
  50  5:09  Baneling x4  
  50  5:10  Baneling x3  
  49  5:16  Baneling x2  
  49  5:17  Baneling x3  
  49  5:18  Zergling x18  
  56  5:33  Zergling x2  
  56  5:34  Zergling x4  
Tags
 
Add a new tag
Caveats
  • Supply blocks, unpowered buildings, or Contaminate may cause inaccurate times.
  • Supply counts are checked every 10 seconds.